 Dungeon Crawl Stone Soup version 0.25.1-2-g60ff931df9 (webtiles) character file.

Game seed: 6392613003218341987

77 Johnny the Digger (level 3, -5/26 HPs)
             Began as a Demigod Earth Elementalist on Oct 25, 2020.
             Slain by an orc
             ... wielding a +0 short sword
              (7 damage)
             ... on level 4 of the Dungeon.
             The game lasted 00:01:55 (1647 turns).

Johnny the Digger (Demigod Earth Elementalist)      Turns: 1647, Time: 00:01:55

Health: -5/26      AC:  3    Str: 11    XL:     3   Next: 92%
Magic:  6/9        EV: 16    Int: 21    God:
Gold:   73         SH:  0    Dex: 16    Spells: 6/7 levels left

rFire    . . .     SeeInvis .   h - +0 dagger
rCold    . . .     Gourm    .   (no shield)
rNeg     . . .     Faith    .   c - +0 robe
rPois    .         Spirit   .   (no helmet)
rElec    .         Reflect  .   (no cloak)
rCorr    .         Harm     .   (no gloves)
MR       .....                  a - +0 pair of boots
Stlth    ++........             (no amulet)
HPRegen  0.08/turn              e - +4 ring of evasion
MPRegen  0.11/turn              (no ring)

@: berserk cooldown, flying, slowed, very slow
A: high mp 1
a: no special abilities


You were on level 4 of the Dungeon.
You were hungry.

You visited 1 branch of the dungeon, and saw 3 of its levels.

You collected 73 gold pieces.

Inventory:

Hand Weapons
 h - a +0 dagger (weapon)
Missiles
 b - 68 stones (quivered)
Armour
 a - a +0 pair of boots (worn)
 c - a +0 robe (worn)
Jewellery
 e - a +4 ring of evasion (left hand)
Scrolls
 i - 2 scrolls of identify
 j - a scroll of enchant armour
 n - a scroll of fog {unknown}
Comestibles
 d - 3 rations
 g - a chunk of flesh


   Skills:
 - Level 1.7 Dodging
 - Level 1.7 Stealth
 + Level 2.5 Spellcasting
   Level 0.8 Transmutations
 * Level 4.1 Earth Magic


You had 6 spell levels left.
You knew the following spells:

 Your Spells              Type           Power        Failure   Level  Hunger
a - Sandblast             Erth           ###...       2%          1    None

Your spell library contained the following spells:

 Spells                   Type           Power        Failure   Level  Hunger
 Passwall                 Tmut/Erth      ##......     8%          2    ##.....
 Stone Arrow              Conj/Erth      ##....       19%         3    ###....
 Petrify                  Tmut/Erth      ##......     45%         4    ####...
 Lee's Rapid Deconstruct  Erth           ###.......   58%         5    ######.


Dungeon Overview and Level Annotations

Branches:
Dungeon (2/15)


Innate Abilities, Weirdness & Mutations

You have an increased reservoir of magic. (+10% MP)


Message History

The orc completely misses you. The orc misses you.
Casting: Sandblast (safe; 2% risk of failure)
Confirm with . or Enter, or press ? or * to list all spells.
Aiming: Sandblast (safe; 2% risk of failure)
Press: ? - help, Shift-Dir - straight line, f/p - orc
Aim: an orc, wearing a +0 ring mail (lightly wounded)
The blast of sand hits the orc.
The orc is moderately wounded.
b - 69 stones The orc misses you.
Casting: Sandblast (safe; 2% risk of failure)
Confirm with . or Enter, or press ? or * to list all spells.
Aiming: Sandblast (safe; 2% risk of failure)
Press: ? - help, Shift-Dir - straight line, f/p - orc
Aim: an orc, wearing a +0 ring mail (moderately wounded)
The blast of sand hits the orc!
You kill the orc!
b - 68 stones The orc hits you with a +0 short sword!
You die...

#### #....
#...!.############..
#.......o.oo@.....#
#.....###########...
#.... ####


You could see 3 orcs.

Vanquished Creatures
  An orc wizard (D:4)
  A worm (D:2)
  2 leopard geckos
  2 orcs (D:4)
  5 bats (D:1)
  6 goblins
  4 hobgoblins (D:1)
  9 jackals (D:1)
  2 kobolds (D:2)
  4 frilled lizards
  2 rats
38 creatures vanquished.

Notes
Turn   | Place    | Note
-------+----------+-------------------------------------------
     0 | D:1      | Johnny the Demigod Earth Elementalist began the quest for
                  | the Orb.
     0 | D:1      | Reached XP level 1. HP: 14/14 MP: 5/5
    82 | D:1      | Reached skill level 3 in Earth Magic
   192 | D:1      | Reached XP level 2. HP: 20/20 MP: 5/7
   719 | D:1      | Reached XP level 3. HP: 12/26 MP: 7/9
  1324 | D:2      | Found a hide-covered altar of Uskayaw.
  1325 | D:2      | Found a snail-covered altar of Cheibriados.
  1327 | D:2      | Found a white marble altar of Elyvilon.
  1551 | D:2      | You fall into a shaft and drop 2 floors!
  1635 | D:4      | Reached skill level 4 in Earth Magic
  1637 | D:4      | HP: 1/26 [orc/+0 dagger of speed (2)]
  1647 | D:4      | Slain by an orc

Illustrated notes

Levels and vault maps discovered:
D:1:      eino_arrival_druids_welcome, layout_basic, corexii_corridor_pit
D:2:      layout_basic, chequers_temple_overflow_statue_of_worship, uniq_jessica
D:4:      layout_rooms, grunt_temple_overflow_cloverleaf,
          minmay_misc_feat_plants

Skill      XL: |  1  2  3 |
---------------+----------+-----
Earth Magic    | 3 4 |  4.1
Spellcasting   | 2 |  2.5
Dodging        | |  1.7
Stealth        | |  1.7
Transmutations | |  0.8

Action                   || total
-------------------------++-------
Melee: Unarmed           ||    12
       Dagger            ||    63
 Cast: Sandblast         ||    38
  Use: Potion            ||     3
       Scroll            ||     2
 Stab: Sleeping          ||     3
  Eat: Chunk             ||     2
Armor: Robe              ||    22
Dodge: Dodged            ||    93
